 Dungeon Crawl Stone Soup version 0.31.0-11-ge490571c62 (webtiles) character file.

Game seed: 16740369955473658585

8864 qw the Markself (level 11, -3/66 HPs)
             Began as a Deep Elf Hunter on Feb 3, 2024.
             Was an Elder of Okawaru.
             Hit by a large rock thrown by a cyclops (22 damage)
             ... on level 10 of the Dungeon.
             The game lasted 00:00:46 (8187 turns).

qw the Markself (Deep Elf Hunter)                   Turns: 8187, Time: 00:00:46

Health: -3/66      AC: 17    Str: 12    XL:     11   Next: 15%
Magic:  17/17      EV: 12    Int: 15    God:    Okawaru [****..]
Gold:   932        SH:  0    Dex: 18    Spells: 10/10 levels left

rFire   . . .        o - +0 orcbow
rCold   . . .        (shield currently unavailable)
rNeg    . . .        n - +5 scale mail of Wirchutiv {Will+ Slay+3}
rPois   +            (no helmet)
rElec   .            a - +0 cloak
rCorr   .            (no gloves)
SInv    +            s - +2 pair of boots
Will    ++...        i - amulet of regeneration
Stlth   +            e - ring of poison resistance
HPRegen 1.11/turn    g - ring of see invisible
MPRegen 0.15/turn

%: no passive effects
@: no status effects
A: shaggy fur 1
a: Renounce Religion, Heroism, Finesse


You were on level 10 of the Dungeon.
You worshipped Okawaru.
Okawaru was greatly pleased with you.
You visited 2 branches of the dungeon, and saw 13 of its levels.

You collected 1055 gold pieces.
You spent 123 gold pieces at shops.


Innate Abilities, Weirdness & Mutations

You are covered in fur. (AC +1)


   Skills:
 + Level 6.9 Fighting
 - Level 16.0 Ranged Weapons
 - Level 3.1 Armour
 - Level 8.2 Dodging
 - Level 1.2 Stealth
 + Level 6.6 Invocations


You had 10 spell levels left.
You didn't know any spells.
Your spell library was empty.

Inventory:

Hand Weapons
 o - a +0 orcbow (weapon)
Armour
 a - a +0 cloak (worn)
 n - the +5 scale mail of Wirchutiv (worn) {Will+ Slay+3}
   (You found it on level 5 of the Dungeon)

   Slay+3:    It affects your accuracy & damage with ranged weapons and melee
   (+3).
   Will+:     It increases your willpower.
 s - a +2 pair of boots (worn)
Jewellery
 e - a ring of poison resistance (left hand)
 g - a ring of see invisible (right hand)
 i - an amulet of regeneration (around neck)
 r - a ring of ice
Wands
 m - a wand of iceblast (5)
Scrolls
 d - 5 scrolls of teleportation
Potions
 c - a potion of mutation
 f - a potion of enlightenment
 h - 3 potions of curing
 k - 5 potions of heal wounds
 l - a potion of resistance
 q - a potion of might

Dungeon Overview and Level Annotations

Branches:
Dungeon (12/15)            Temple (1/1) D:4
   Lair: D:8-11         Orc: D:9-12

Altars:
Ashenzari
Cheibriados
Dithmenos
Elyvilon
Fedhas
Gozag
Hepliaklqana
Kikubaaqudgha
Makhleb
Nemelex Xobeh
Okawaru
Qazlal
Ru
Sif Muna
Trog
Uskayaw
Vehumet
Wu Jian
Xom
Yredelemnul
Zin
The Shining One

Shops:
D:2 ?   D:7 :

Annotations:
D:4 3 runed translucent doors, qw's ghost, amateur SpHu
D:5 1 runed translucent door, Crazy Yiuf
D:9 exclusion: orc


Message History

You shoot an arrow. The arrow hits Joseph!
Joseph is moderately wounded.
You shoot an arrow. The arrow hits Joseph!
Joseph is moderately wounded.
The howler monkey hoots and howls with incredible vigour!
Joseph unwields a +0 sling.
Joseph wields a +0 quarterstaff.
Joseph hits you with a +0 quarterstaff.
You hear a shout! x2; You hear an angry buzzing noise.
You shoot an arrow. The arrow hits Joseph.
Joseph is heavily wounded.
Joseph barely misses you.
You shoot an arrow. The arrow hits Joseph.
Joseph is heavily wounded.
You are no longer corroded.
Joseph barely misses you.
You shoot an arrow. The arrow hits Joseph!
Joseph is severely wounded.
Joseph hits you with a +0 quarterstaff!
The howler monkey hoots and howls with incredible vigour!
You hear an angry hiss. x2; You hear an angry buzzing noise. x2
You shoot an arrow. The arrow completely misses Joseph.
The arrow hits the howler monkey.
You kill the howler monkey!
Okawaru accepts your kill. Joseph barely misses you.
You shoot an arrow. The arrow hits Joseph!
Joseph is severely wounded.
Joseph closely misses you.
A cyclops comes into view.
You shoot an arrow. The arrow hits Joseph!
Joseph is almost dead.
Joseph hits you with a +0 quarterstaff!
You shoot an arrow. The arrow hits Joseph!
You kill Joseph!
Okawaru accepts your kill.
You shoot an arrow. The arrow hits the cyclops!
The cyclops is moderately wounded.
A centaur comes into view.
The cyclops throws a large rock.
The large rock hits you!!
You die...

#...... #.)....
#....####......
#....##........
#....##........
#....##........
##########....##......##
........##....#.......##
##### #@#.[...#.......+.
@.....##)#.....#.......##
#..$%#.....#.#.######
#..#...#...#.#.#
#C.#.###..##.#.# ##
#c............#.# #.
.$#.#.....<..).#)#####.
#$.#.##...##....#.#.....
#.# #. #...##...[#)#.####


You could see a cyclops and a centaur.

Vanquished Creatures
  A two-headed ogre (D:9)
  Lodul (D:10)
  Pikel (D:7)
  Joseph (D:10)
  Maggie (D:6)
  A kobold demonologist (D:11)
  2 trolls (D:9)
  A queen bee (D:8)
  Eustachio (D:4)
  2 wraiths
  A wyvern (D:10)
  5 yaks
  4 vampire mosquitoes (D:8)
  An acid dragon (D:10)
  Duvessa (D:5)
  A sky beast (D:8)
  2 orc warriors (D:9)
  A black bear (D:7)
  11 ogres
  A lemure (D:7)
  4 centaurs
  A phantom (D:4)
  3 kobold brigands
  A bullfrog (D:5)
  Dowan (D:5)
  11 killer bees (D:8)
  2 electric eels
  2 howler monkeys (D:10)
  A crimson imp (D:8)
  A bombardier beetle (D:7)
  8 hounds
  2 jellies (D:5)
  A gnoll bouda (D:4)
  6 orc priests
  4 iguanas
  Natasha (twice) (D:4)
  8 orc wizards
  5 adders
  4 gnolls (D:6)
  5 white imps
  2 dart slugs
  31 orcs
  6 ball pythons
  4 endoplasms
  2 giant cockroaches (D:4)
  4 goblins
  9 hobgoblins
  7 jackals
  3 quokkas
  3 bats
  3 frilled lizards
  24 kobolds
  4 rats
214 creatures vanquished.

Notes
Turn   | Place    | Note
-------+----------+-------------------------------------------
     0 | D:1      | qw the Deep Elf Hunter began the quest for the Orb.
     0 | D:1      | Reached XP level 1. HP: 12/12 MP: 3/3
     0 | D:1      | 0 ||| qw: Version: 0.3-a-157-g843a77d
     0 | D:1      | 0 ||| qw: Game counter: 3835
     0 | D:1      | 0 ||| qw: Melee chars always use a shield: true
     0 | D:1      | 0 ||| qw: God list: Okawaru
     0 | D:1      | 0 ||| qw: Allow faded altars: false
     0 | D:1      | 0 ||| qw: Do Orc after clearing Dungeon:15 true
     0 | D:1      | 0 ||| qw: Do second Lair branch before Depths: true
     0 | D:1      | 0 ||| qw: Lair rune preference: random
     0 | D:1      | 0 ||| qw: Goals: Normal
     0 | D:1      | 0 ||| PLANNING D:1-11
   221 | D:1      | Reached XP level 2. HP: 16/16 MP: 4/4
   292 | D:1      | Reached skill level 6 in Ranged Weapons
   743 | D:1      | 743 ||| UPGRADING to ring of poison resistance.
   744 | D:1      | 744 ||| READING scroll labelled NUEFOEGIUW.
   745 | D:1      | 745 ||| READING scroll labelled ZEQAOPNACO.
   745 | D:1      | 745 ||| BRANDING +0 shortbow.
   746 | D:1      | 746 ||| READING 2 scrolls labelled WUIRIY ZEUL.
   746 | D:1      | 746 ||| IDENTIFYING smoky puce potion
   747 | D:1      | 747 ||| READING scroll of identify.
   747 | D:1      | 747 ||| IDENTIFYING grey potion
   748 | D:1      | 748 ||| READING scroll labelled BITISK IDOBB.
   849 | D:1      | 849 ||| DROPPING scroll of butterflies.
   850 | D:1      | 850 ||| DROPPING potion of berserk rage.
   878 | D:2      | Reached XP level 3. HP: 20/20 MP: 5/5
   996 | D:2      | Reached skill level 7 in Ranged Weapons
  1232 | D:2      | Found Pain's Magic Scroll Emporium.
  1235 | D:2      | 1235 ||| BUYING scroll of enchant weapon (97 gold).
  1235 | D:2      | Bought a scroll of enchant weapon for 97 gold pieces
  1235 | D:2      | 1235 ||| BUYING scroll of identify (26 gold).
  1235 | D:2      | Bought a scroll of identify for 26 gold pieces
  1235 | D:2      | 1235 ||| SHOPLISTING scroll of teleportation (39 gold, have
                  | 14).
  1235 | D:2      | 1235 ||| READING scroll of enchant weapon.
  1235 | D:2      | 1235 ||| ENCHANTING +0 shortbow of flaming.
  1257 | D:2      | Identified the +9 mace "Eteohuaw" {venom, *Slow Fly Dex+3}
  1294 | D:2      | Found the +7 Throatcutter {drain, coup de grace}
  1494 | D:2      | 1494 ||| UPGRADING to +0 ring mail.
  1504 | D:2      | 1504 ||| DROPPING +0 leather armour.
  1505 | D:2      | 1505 ||| UPGRADING to ring of see invisible.
  1506 | D:2      | 1506 ||| READING scroll of identify.
  1506 | D:2      | 1506 ||| IDENTIFYING lumpy clear potion
  1507 | D:2      | 1507 ||| READING scroll labelled WUGUMIEMPY.
  1510 | D:2      | 1510 ||| DRINKING 2 bubbling ruby potions.
  1511 | D:2      | 1511 ||| DROPPING potion of brilliance.
  2280 | D:3      | 2280 ||| READING scroll of identify.
  2280 | D:3      | 2280 ||| IDENTIFYING amethyst potion
  2281 | D:3      | 2281 ||| READING scroll labelled HOAPING FUGOV.
  2282 | D:3      | 2282 ||| READING scroll labelled CEPPEM JEORE.
  2283 | D:3      | 2283 ||| DROPPING potion of attraction.
  2344 | D:4      | Noticed a centaur
  2345 | D:4      | Noticed qw's ghost (amateur SpHu)
  2352 | D:4      | 2352 ||| READING scroll of brand weapon.
  2352 | D:4      | 2352 ||| BRANDING +1 shortbow of flaming.
  2356 | D:4      | Found a runed translucent gate.
  2356 | D:4      | Found a runed translucent gate.
  2376 | D:4      | Noticed a phantom
  2383 | D:4      | Killed a phantom
  2384 | D:4      | Reached skill level 8 in Ranged Weapons
  2384 | D:4      | Reached XP level 4. HP: 19/25 MP: 6/6
  2384 | D:4      | Reached XP level 5. HP: 22/29 MP: 7/7
  2429 | D:4      | Found a runed translucent gate.
  2632 | D:4      | Noticed Eustachio
  2639 | D:4      | 2639 ||| RETREEEEATING.
  2640 | D:4      | 2640 ||| RETREEEEATING.
  2641 | D:4      | 2641 ||| RETREEEEATING.
  2657 | D:4      | Killed Eustachio
  2658 | D:4      | Reached skill level 9 in Ranged Weapons
  2658 | D:4      | Reached XP level 6. HP: 11/34 MP: 8/8
  2838 | D:4      | Found a staircase to the Ecumenical Temple.
  2839 | D:4      | 2839 ||| PLANNING TEMPLE
  2848 | Temple   | Entered the Ecumenical Temple
  2849 | Temple   | 2849 ||| PLANNING OKAWARU WORSHIP
  2917 | Temple   | Became a worshipper of Warmaster Okawaru
  2918 | Temple   | 2918 ||| PLANNING D:1-11
  3348 | D:4      | Noticed Natasha
  3349 | D:4      | Reached skill level 10 in Ranged Weapons
  3350 | D:4      | Killed Natasha
  3391 | D:4      | Reached skill level 3 in Dodging
  3510 | D:4      | Noticed Natasha
  3516 | D:4      | Killed Natasha
  3603 | D:4      | 3603 ||| UPGRADING to +0 pair of boots.
  3608 | D:4      | 3608 ||| UPGRADING to amulet of regeneration.
  3613 | D:4      | 3613 ||| READING 4 scrolls of identify.
  3613 | D:4      | 3613 ||| IDENTIFYING yellow potion
  3619 | D:5      | Entered Level 5 of the Dungeon
  3663 | D:5      | Reached skill level 1 in Armour
  3663 | D:5      | Reached XP level 7. HP: 40/40 MP: 9/9
  3700 | D:5      | Identified the +5 scale mail of Wirchutiv {Will+ Slay+3}
  3730 | D:5      | Found a runed translucent door.
  3731 | D:5      | Noticed Crazy Yiuf
  3800 | D:5      | Reached skill level 11 in Ranged Weapons
  3804 | D:5      | Noticed Duvessa
  3821 | D:5      | Killed Duvessa
  3821 | D:5      | Reached * piety under Okawaru
  3824 | D:5      | Noticed Dowan
  3826 | D:5      | 3826 ||| INVOKING Heroism.
  3834 | D:5      | Killed Dowan
  3898 | D:5      | Identified the +0 dagger "Patorog" {venom, Str+3}
  3958 | D:5      | Reached skill level 1 in Invocations
  4003 | D:5      | Reached skill level 12 in Ranged Weapons
  4231 | D:5      | 4231 ||| UPGRADING to +5 scale mail of Wirchutiv {Will+
                  | Slay+3}.
  4241 | D:5      | 4241 ||| DROPPING +0 ring mail.
  4242 | D:5      | 4242 ||| UPGRADING to +1 pair of boots.
  4252 | D:5      | 4252 ||| DROPPING +0 pair of boots.
  4253 | D:5      | 4253 ||| READING 3 scrolls of identify.
  4253 | D:5      | 4253 ||| IDENTIFYING coppery potion
  4254 | D:5      | 4254 ||| READING 2 scrolls of identify.
  4254 | D:5      | 4254 ||| IDENTIFYING viscous dark potion
  4255 | D:5      | 4255 ||| READING scroll of identify.
  4255 | D:5      | 4255 ||| IDENTIFYING brown potion
  4256 | D:5      | 4256 ||| READING scroll labelled IDOFOI GECIFUTE.
  4274 | D:5      | 4274 ||| DROPPING potion of lignification.
  4275 | D:5      | 4275 ||| DROPPING potion of invisibility.
  4331 | D:6      | Reached XP level 8. HP: 44/44 MP: 11/11
  4679 | D:6      | Noticed Maggie
  4680 | D:6      | 4680 ||| INVOKING Heroism.
  4692 | D:6      | Killed Maggie
  4754 | D:6      | Reached skill level 3 in Invocations
  4876 | D:6      | 4876 ||| READING scroll of brand weapon.
  4876 | D:6      | 4876 ||| BRANDING +1 shortbow of draining.
  4998 | D:6      | 4998 ||| READING scroll labelled NEFFOPPIOPN.
  5252 | D:7      | 5252 ||| READING 2 scrolls of enchant weapon.
  5252 | D:7      | 5252 ||| ENCHANTING +1 shortbow of chaos.
  5253 | D:7      | 5253 ||| READING scroll of enchant weapon.
  5253 | D:7      | 5253 ||| ENCHANTING +2 shortbow of chaos.
  5415 | D:7      | Found Weug's Book Emporium.
  5480 | D:7      | Noticed Pikel
  5482 | D:7      | 5482 ||| INVOKING Heroism.
  5486 | D:7      | 5486 ||| RETREEEEATING.
  5492 | D:7      | Killed Pikel
  5493 | D:7      | Reached skill level 13 in Ranged Weapons
  5493 | D:7      | Reached XP level 9. HP: 35/52 MP: 12/14
  5649 | D:7      | Found an opulent altar of Gozag.
  5991 | D:7      | 5991 ||| READING scroll labelled MUGOET NYNUALL.
  5991 | D:7      | 5991 ||| ENCHANTING +1 pair of boots.
  5992 | D:7      | 5992 ||| READING scroll labelled ATAODW JYBOSUM.
  5993 | D:7      | 5993 ||| DRINKING 2 ruby potions.
  5993 | D:7      | Gained mutation: You are covered in fur. (AC +1) [potion of
                  | mutation]
  5993 | D:7      | Gained mutation: You are agile. (Dex +4, Str/Int -1)
                  | [potion of mutation]
  5993 | D:7      | Lost mutation: You are agile. (Dex +4, Str/Int -1) [potion
                  | of mutation]
  6107 | D:8      | Reached skill level 14 in Ranged Weapons
  6134 | D:8      | Reached ** piety under Okawaru
  6225 | D:8      | 6225 ||| INVOKING Heroism.
  6226 | D:8      | 6226 ||| DRINKING potion of haste.
  6370 | D:8      | 6370 ||| DROPPING +2 sling of draining.
  6430 | D:8      | Found a bloodstained altar of Trog.
  6433 | D:8      | Found a hide-covered altar of Uskayaw.
  6449 | D:8      | 6449 ||| ZAPPING wand of iceblast (7) at 1,4 (centaur;
                  | floor).
  6450 | D:8      | 6450 ||| ZAPPING wand of iceblast (6) at 1,4 (centaur;
                  | floor).
  6451 | D:8      | Reached skill level 6 in Dodging
  6488 | D:8      | 6488 ||| SWAPPING to +0 orcbow.
  6489 | D:8      | 6489 ||| DROPPING +3 shortbow of chaos.
  6863 | D:8      | 6863 ||| RETREEEEATING.
  6864 | D:8      | 6864 ||| RETREEEEATING.
  6865 | D:8      | 6865 ||| INVOKING Heroism.
  6867 | D:8      | Noticed a queen bee
  6876 | D:8      | 6876 ||| ZAPPING wand of acid (5) at 2,0 (killer bee;
                  | floor).
  6877 | D:8      | 6877 ||| ZAPPING wand of acid (4) at 2,0 (killer bee;
                  | floor).
  6878 | D:8      | 6878 ||| ZAPPING wand of acid (3) at 2,0 (killer bee;
                  | floor).
  6884 | D:8      | Reached skill level 15 in Ranged Weapons
  6887 | D:8      | 6887 ||| ZAPPING wand of acid (2) at 2,0 (killer bee;
                  | floor).
  6888 | D:8      | 6888 ||| INVOKING Heroism.
  6891 | D:8      | Killed a queen bee
  6892 | D:8      | Reached XP level 10. HP: 41/59 MP: 12/15
  6936 | D:8      | Found a shimmering altar of Xom.
  6937 | D:8      | Found a burning altar of Makhleb.
  6939 | D:8      | 6939 ||| DRINKING 4 potions of curing.
  6939 | D:8      | 6939 ||| (to cure confusion)
  6966 | D:8      | 6966 ||| READING scroll of identify.
  6966 | D:8      | 6966 ||| IDENTIFYING orange potion
  7010 | D:9      | You fall into a shaft and drop 3 floors!
  7062 | D:12     | 7062 ||| UPGRADING to +0 cloak.
  7125 | D:10     | Entered Level 10 of the Dungeon
  7148 | D:10     | Noticed Lodul
  7149 | D:10     | 7149 ||| INVOKING Heroism.
  7157 | D:10     | Reached skill level 16 in Ranged Weapons
  7163 | D:10     | 7163 ||| ZAPPING wand of acid (1) at 0,5 (Lodul; floor).
  7166 | D:10     | Reached *** piety under Okawaru
  7167 | D:10     | Reached skill level 3 in Armour
  7173 | D:10     | Killed Lodul
  7408 | D:9      | Found a white marble altar of Elyvilon.
  7476 | D:9      | Reached **** piety under Okawaru
  7477 | D:9      | Reached skill level 6 in Fighting
  7781 | D:9      | 7781 ||| RETREEEEATING.
  7782 | D:9      | 7782 ||| RETREEEEATING.
  7783 | D:9      | 7783 ||| RETREEEEATING.
  7784 | D:9      | 7784 ||| RETREEEEATING.
  7785 | D:9      | 7785 ||| RETREEEEATING.
  7786 | D:9      | 7786 ||| RETREEEEATING.
  7787 | D:9      | 7787 ||| RETREEEEATING.
  7788 | D:9      | 7788 ||| RETREEEEATING.
  7789 | D:9      | 7789 ||| RETREEEEATING.
  7857 | D:9      | Noticed a two-headed ogre
  7858 | D:9      | 7858 ||| INVOKING Finesse.
  7867 | D:9      | Killed a two-headed ogre
  7868 | D:9      | Reached skill level 6 in Invocations
  7868 | D:9      | Reached XP level 11. HP: 66/66 MP: 11/17
  8122 | D:9      | 8122 ||| READING 2 scrolls of identify.
  8122 | D:9      | 8122 ||| IDENTIFYING sapphire potion
  8123 | D:9      | 8123 ||| READING scroll of identify.
  8123 | D:9      | 8123 ||| IDENTIFYING scroll labelled FYTOSU UFOUJIUZ
  8124 | D:9      | 8124 ||| DROPPING scroll of fog.
  8150 | D:10     | Noticed Joseph
  8156 | D:10     | 8156 ||| RETREEEEATING.
  8158 | D:10     | 8158 ||| RETREEEEATING.
  8186 | D:10     | Killed Joseph
  8187 | D:10     | Hit by a large rock thrown by a cyclops

Levels and vault maps discovered:
D:1:      dpeg_arrival_solitude, layout_loops_ring, serial_forest,
          infiniplex_forest_clump_cross, infiniplex_forest_clump_diagonal,
          infiniplex_forest_diagonal, infiniplex_forest_clump_curved,
          infiniplex_forest_straight_3
D:2:      minmay_kobold_bridge, layout_loops_ring, serial_shops,
          nicolae_shop_window_shopping, hangedman_decor_points,
          minmay_pentomino_q2
D:3:      layout_loops_corners
D:4:      kennysheep_six_static_rooms, layout_loops_corners,
          minmay_temple_entry_gardened_gates, gammafunk_ghost_split,
          uniq_natasha, uniq_eustachio
D:5:      layout_gridville, uniq_crazy_yiuf_cottage, uniq_duvessa
D:6:      layout_basic, uniq_maggie
D:7:      layout_basic, general_overflow_altar, serial_shops, shop, uniq_pikel
D:8:      layout_basic, grunt_temple_overflow_champion_of_chaos,
          nicolae_overflow_squiral, nicolae_looking_at_the_future
D:9:      layout_irregular_city, elyvilon_altar_5, erik_orc_2
D:10:     minmay_the_grid_square_5x5_4x4 [minmay_the_grid_square_5x5_plus,
          minmay_the_grid_square_5x5_v, minmay_the_grid_square_5x5_meh,
          minmay_the_grid_square_5x5_moneybag,
          minmay_the_grid_square_5x5_shrine1,
          minmay_the_grid_square_5x5_prize_pseudospiral,
          minmay_the_grid_square_5x5_prize_gold,
          minmay_the_grid_square_5x5_longway,
          minmay_the_grid_square_5x5_checkered_sparse,
          minmay_the_grid_square_5x5_prize_deathbox,
          minmay_the_grid_square_5x5_prize_rear_guard,
          minmay_the_grid_square_5x5_six, minmay_the_grid_square_5x5_six_small,
          minmay_the_grid_square_5x5_seven,
          minmay_the_grid_square_5x5_half_checkered,
          minmay_the_grid_square_5x5_bridge], layout_basic, uniq_josephine,
          uniq_joseph, uniq_erica, uniq_lodul
D:11:     layout_stronghold, due_lair_maze_entry_diamond
D:12:     layout_roguey, minivault_8, uniq_azrael
Temple:   minmay_temple_bridge_d

Skill      XL: |  1  2  3  4  5  6  7  8  9 10 |
---------------+-------------------------------+-----
Ranged Weapons | 6 8 9 10 12 13 15 16 | 16.0
Fighting       | 2 4 5 6 |  6.9
Dodging        | 3 6 8 |  8.2
Armour         | 1 2 3 |  3.1
Invocations    | 2 4 6 |  6.6
Stealth        | |  1.2

Action                     |  1- 3 |  4- 6 |  7- 9 | 10-12 || total
---------------------------+-------+-------+-------+-------++-------
   Fire: Shortbow          |    96 |    70 |   261 |       ||   427
         Orcbow            |       |       |    30 |   246 ||   276
 Invoke: Heroism           |       |       |     6 |     1 ||     7
         Finesse           |       |       |       |     1 ||     1
  Evoke: Wand              |       |       |     6 |     1 ||     7
    Use: Scroll            |    12 |     1 |    10 |     3 ||    26
         Potion            |     1 |       |     2 |     1 ||     4
 Armour: Leather armour    |    12 |       |       |       ||    12
         Ring mail         |     8 |    28 |     8 |       ||    44
         Scale mail        |       |       |    59 |    95 ||   154
  Dodge: Dodged            |    23 |    15 |    64 |    69 ||   171

Table legend:
 A = Non-vault XP
 B = Vault XP
 C = Vault XP percentage of total XP
 D = Non-vault monster count
 E = Vault monster count
 F = Vault count percentage of total count
                 A         B        C        D         E       F
            +---------+---------+-------+---------+---------+-------
      Total |    6131 |    6532 |  51.6 |     149 |      64 |  30.0
            +---------+---------+-------+---------+---------+-------
        D:1 |      30 |       0 |   0.0 |      16 |       0 |   0.0
        D:2 |      40 |       9 |  18.4 |      11 |       5 |  31.2
        D:3 |       9 |       0 |   0.0 |       6 |       0 |   0.0
        D:4 |     234 |     340 |  59.2 |      17 |       8 |  32.0
        D:5 |     517 |     228 |  30.6 |      20 |       2 |   9.1
        D:6 |     426 |     376 |  46.9 |      14 |       1 |   6.7
        D:7 |     464 |     651 |  58.4 |      17 |       1 |   5.6
        D:8 |    1502 |    1054 |  41.2 |      22 |      13 |  37.1
        D:9 |    2748 |     449 |  14.0 |      21 |      16 |  43.2
       D:10 |     119 |    3067 |  96.3 |       1 |      17 |  94.4
       D:11 |       0 |     358 | 100.0 |       0 |       1 | 100.0
       D:12 |      42 |       0 |   0.0 |       4 |       0 |   0.0
            +---------+---------+-------+---------+---------+-------
